 Dungeon Crawl Stone Soup version 0.26.0-10-g1f06aea511 (webtiles) character file.

Game seed: 6492725638022814275

248 Borgoz the Skirmisher (level 6, -1/52 HPs)
             Began as a Ghoul Gladiator on Feb 1, 2021.
             Slain by an adder (4 damage)
             ... on level 4 of the Dungeon.
             The game lasted 00:07:47 (3705 turns).

Borgoz the Skirmisher (Ghoul Gladiator)             Turns: 3705, Time: 00:07:48

Health: -1/52      AC:  1    Str: 18    XL:     6   Next: 12%
Magic:  5/5        EV: 13    Int:  3    God:
Gold:   130        SH:  0    Dex: 12    Spells: 5/5 levels left

rFire    . . .     SeeInvis .   o - +3 dagger (drain)
rCold    + . .     Faith    .   (no shield)
rNeg     + + +     Spirit   .   (no armour)
rPois    ∞         Reflect  .   b - +0 helmet
rElec    .         Harm     .   (no cloak)
rCorr    .         Rampage  .   (no gloves)
Will     .....                  (no boots)
Stlth    +.........             (no amulet)
HPRegen  0.00/turn              (no ring)
MPRegen  0.09/turn              (no ring)

@: no status effects
A: claws 1, cold resistance 1, negative energy resistance 3, inhibited
regeneration, torment resistance, unbreathing
a: no special abilities


You were on level 4 of the Dungeon.
You visited 1 branch of the dungeon, and saw 4 of its levels.

You collected 130 gold pieces.

Inventory:

Hand Weapons
 o - a +3 dagger of draining (weapon)
Missiles
 c - 3 throwing nets (quivered)
Armour
 b - a +0 helmet (worn)
 e - a +0 ring mail
 t - a cursed -2 ring mail
Jewellery
 r - an uncursed amulet of magic regeneration {unknown}
 u - a +6 ring of intelligence {unknown}
Wands
 v - a wand of digging (3)
Scrolls
 d - a scroll of fear {unknown}
 g - 2 scrolls of enchant weapon {unknown}
 h - 3 scrolls of remove curse {unknown}
 i - 2 scrolls of teleportation {unknown}
 j - a scroll of immolation {unknown}
 n - a scroll of noise {unknown}
 s - a scroll of blinking {unknown}
Potions
 a - a potion of brilliance {unknown}
 k - a potion of lignification {unknown}
 l - a potion of haste
 m - a potion of berserk rage {unknown}
 p - a potion of invisibility {unknown}
 q - a potion of might {unknown}
 w - a potion of flight {unknown}


   Skills:
 + Level 3.9 Fighting
 * Level 1.9 Short Blades
 - Level 1.8 Throwing
 + Level 2.4 Armour
 + Level 3.9 Dodging
 - Level 3.3 Unarmed Combat


You had 5 spell levels left.
You didn't know any spells.
Your spell library was empty.

Dungeon Overview and Level Annotations

Branches:
Dungeon (4/15)
 Temple: D:4-7

Altars:
Cheibriados
Nemelex Xobeh

Annotations:
D:4 Edmund, Menkaure


Innate Abilities, Weirdness & Mutations

You thrive by killing the living.
You are immune to poison.
You have sharp fingernails.
Your flesh is cold resistant. (rC+)
You are immune to negative energy. (rN+++)
You do not regenerate when monsters are visible.
You are immune to unholy pain and torment.
You can survive without breathing.


Message History

You hit the orc priest.
The orc priest is moderately wounded.
The orc priest hits you but does no damage.
The adder closely misses you. The howler monkey hits you.
You barely miss the orc priest.
The orc priest is moderately wounded.
The adder bites you.
The howler monkey hits you but does no damage.
Edmund hits you with a +1 dire flail of distortion.
Space warps horribly around you!
* * * LOW HITPOINT WARNING * * *
The orc priest hits you with a +0 flail.
* * * LOW HITPOINT WARNING * * *
The adder misses you. The adder barely misses you.
The howler monkey misses you. The adder bites you.
* * * LOW HITPOINT WARNING * * *
Found a stone staircase leading up.
The adder bites you.
You die...

####..!.. #........#
.........>..#
...........#
...........#
...........# ..
###..........##<#
....#..........S@...#
..............ho##..#
#<...§.....# ##
#....§.@...#
#..§§§§§..$#
#.§§§§§§§..#
#..§§§§§...#
##.§§§§§..##
##......##


You could see Edmund, a howler monkey, an orc priest (drained) and an adder.

Vanquished Creatures
  Jessica (D:2)
  Natasha (thrice) (D:3)
  4 adders
  A white imp (D:3)
  3 worms (D:3)
  8 dart slugs
  6 orcs (D:3)
  6 bats
  2 giant cockroaches
  11 goblins
  10 hobgoblins
  2 jackals (D:2)
  3 quokkas
  11 frilled lizards
  3 kobolds
  7 rats
81 creatures vanquished.

Notes
Turn   | Place    | Note
-------+----------+-------------------------------------------
     0 | D:1      | Borgoz the Ghoul Gladiator began the quest for the Orb.
     0 | D:1      | Reached XP level 1. HP: 17/17 MP: 0/0
   135 | D:1      | Reached XP level 2. HP: 25/25 MP: 1/1
   667 | D:1      | Found a sparkling altar of Nemelex Xobeh.
  1025 | D:1      | Reached XP level 3. HP: 30/30 MP: 2/2
  1026 | D:1      | Reached skill level 1 in Armour
  1512 | D:2      | Noticed Jessica
  1512 | D:2      | You fall into a shaft and drop 1 floor!
  1624 | D:2      | Reached XP level 4. HP: 38/38 MP: 3/3
  1716 | D:2      | Found a snail-covered altar of Cheibriados.
  1821 | D:2      | Killed Jessica
  2464 | D:3      | Reached XP level 5. HP: 45/45 MP: 4/4
  2476 | D:3      | Noticed Natasha
  2484 | D:3      | Killed Natasha
  2688 | D:3      | Reached skill level 1 in Short Blades
  2828 | D:3      | Noticed Natasha
  2947 | D:3      | Killed Natasha
  3298 | D:3      | Noticed Natasha
  3310 | D:3      | Killed Natasha
  3311 | D:3      | Reached XP level 6. HP: 44/52 MP: 5/5
  3404 | D:4      | Noticed Menkaure
  3445 | D:4      | Noticed Edmund
  3705 | D:4      | Slain by an adder

Illustrated notes

Levels and vault maps discovered:
D:1:      lightli_arrival_windingriver, layout_loops_corners,
          nemelex_diamond_rough_becter
D:2:      layout_basic, kennysheep_slug_shrine, uniq_jessica
D:3:      layout_basic, doesnt_xom_only_xom, uniq_natasha
D:4:      layout_rooms, kennysheep_little_box, serial_shops,
          nicolae_shop_behind_doors, uniq_menkaure, uniq_edmund

Skill      XL: |  1  2  3  4  5 |
---------------+----------------+-----
Dodging        | 3 |  3.9
Armour         | 1 2 |  2.4
Fighting       | 3 |  3.9
Short Blades   | 1 |  1.9
Throwing       | |  1.8
Unarmed Combat | |  3.3

Action                   |  1- 3 |  4- 6 || total
-------------------------+-------+-------++-------
Melee: Unarmed           |   111 |    26 ||   137
       Punch             |     1 |     3 ||     4
       Dagger            |       |   111 ||   111
Throw: Throwing net      |       |     2 ||     2
  Use: Scroll            |     1 |     1 ||     2
Armor: Leather armour    |     6 |       ||     6
       Ring mail         |    23 |    27 ||    50
       Skin              |       |     4 ||     4
Dodge: Dodged            |    60 |    90 ||   150
